 Dungeon Crawl Stone Soup version 0.25-a0-521-gb5d5f98535 (webtiles) character file.

Game seed: 3072934739590302100, levelgen mode: deterministic

98 Banto the Insei (level 4, -1/28 HPs)
             Began as an Octopode Transmuter on Feb 18, 2020.
             Slain by an orc
             ... wielding a cursed +0 club
              (4 damage)
             ... on level 3 of the Dungeon.
             The game lasted 00:02:31 (2418 turns).

Banto the Insei (Octopode Transmuter)               Turns: 2418, Time: 00:02:32

Health: -1/28      AC:  1    Str:  9    XL:     4   Next: 71%
Magic:  7/7        EV: 13    Int: 18    God:
Gold:   133        SH:  0    Dex: 13    Spells: 1/7 levels left

rFire    . . .     SeeInvis .   o - +2 rapier (venom)
rCold    . . .     Gourm    .   (no shield)
rNeg     . . .     Faith    .   (helmet restricted)
rPois    .         Spirit   .   (no amulet)
rElec    .         Reflect  .   (no ring)
rCorr    .         Harm     .   h - +3 ring of intelligence
MR       .....                  (no ring)
Stlth    ++........             (no ring)
HPRegen  0.09/turn              (no ring)
MPRegen  0.10/turn              (no ring)
                                (no ring)
                                (no ring)

@: no status effects
A: almost no armour, stealthy swim, amphibious, 8 rings, constrict 8, camouflage
1, gelatinous body 1
a: no special abilities


You were on level 3 of the Dungeon.
You were hungry.

You visited 1 branch of the dungeon, and saw 4 of its levels.

You collected 133 gold pieces.

Inventory:

Hand Weapons
 o - a +2 rapier of venom (weapon)
Missiles
 a - 24 arrows
 j - 19 poisoned darts (quivered)
Armour
 b - a +0 buckler
Jewellery
 h - a +3 ring of intelligence (right tentacle)
Scrolls
 g - 3 scrolls of remove curse
 k - 2 scrolls of teleportation
Potions
 d - 3 potions of curing
 e - a potion of ambrosia
 f - a potion of brilliance
 l - a potion of might {unknown}
Comestibles
 c - 6 rations


   Skills:
 - Level 1.0 Fighting
 - Level 2.0 Dodging
 + Level 4.2 Unarmed Combat
 - Level 2.0 Spellcasting
 + Level 3.6 Transmutations


You had one spell level left.
You knew the following spells:

 Your Spells              Type           Power        Failure   Level  Hunger
a - Beastly Appendage     Tmut           ##....       4%          1    #......
b - Sticks to Snakes      Tmut           ##......     6%          2    ###....
c - Spider Form           Tmut/Pois      #.........   26%         3    ###....

Your spell library contained the following spells:

 Spells                   Type           Power        Failure   Level  Hunger
 Confusing Touch          Hex            #.......     47%         3    ###....
 Gell's Gravitas          Tloc           #.........   47%         3    ###....
 Ice Form                 Ice/Tmut       #.......     65%         4    #####..
 Petrify                  Tmut/Erth      #.......     65%         4    #####..
 Blade Hands              Tmut           ##........   75%         5    ######.
 Yara's Violent Unravell  Hex/Tmut       #.........   94%         5    ######.
 Metabolic Englaciation   Hex/Ice        #.........   99%         5    ######.


Dungeon Overview and Level Annotations

Branches:
Dungeon (4/15)
 Temple: D:4-7

Altars:
Dithmenos
Nemelex Xobeh
Sif Muna
Vehumet
Xom


Innate Abilities, Weirdness & Mutations

You cannot wear most types of armour.
You are very stealthy in the water. (Stealth+)
You are amphibious.
You can wear up to eight rings at the same time.
You can use your tentacles to constrict eight enemies at once.
Your skin changes colour to match your surroundings (Stealth+).
Your rubbery body absorbs attacks. (AC +1, EV +1)


Message History

You constrict the hound.
You kill the hound!
You barely miss the orc. You grab the orc. You constrict the orc.
The orc hits you with a cursed -1 war axe!
* * * LOW HITPOINT WARNING * * *
You take 11 damage, and have 6/28 hp.
MASSIVE DAMAGE!!
You hit the orc.
The orc is poisoned.
The orc is severely wounded.
You constrict the orc. The orc barely misses you.
You hit the orc.
You kill the orc!
You hit the orc but do no damage.
The orc is poisoned.
Your grab misses the orc.
Your tentacle-slap misses the orc.
The orc hits you with a cursed +0 club.
* * * LOW HITPOINT WARNING * * *
You take 4 damage, and have 3/28 hp.
You hit the orc.
The orc looks as sick as possible!
Your grab misses the orc.
The orc is heavily wounded.
The orc hits you with a cursed +0 club.
You die...

##.#######.#.# #..# ##.# #.#.#
###.######### ...#######.#.#
#...........# ##.#.....#.#.##
#.#.#######.#
##.#.....#....####.#.# #.#
.................#.#.# #.####
..............##.#.#.# #.....
##.#.........###.#.#.#######.....
##.######...## #@#.#.##..........
...[...###.## #o#.#.##.####.....
##.).......# #..........##.....
######.#########.#>##.....##.####
### #.# #....#...(.......# ..#
#.# #.##.####.....#### #.#
#.######.##.# #.....#
#.####........##.# ###.###
#....##.####..##.# #.#


You could see an orc.

Vanquished Creatures
  A hound (D:3)
  2 oozes (D:3)
  A worm (D:2)
  A dart slug (D:3)
  3 leopard geckos
  7 orcs
  A ball python (D:3)
  2 bats
  A giant cockroach (D:2)
  4 goblins
  6 hobgoblins
  4 kobolds
  2 quokkas
  2 frilled lizards (D:1)
37 creatures vanquished.

Notes
Turn   | Place    | Note
-------+----------+-------------------------------------------
     0 | D:1      | Banto the Octopode Transmuter began the quest for the Orb.
     0 | D:1      | Reached XP level 1. HP: 13/13 MP: 3/3
   262 | D:1      | Reached XP level 2. HP: 18/18 MP: 5/5
   911 | D:2      | Found a shimmering blue altar of Sif Muna.
   912 | D:2      | Found a shadowy altar of Dithmenos.
   913 | D:2      | Found a radiant altar of Vehumet.
  1324 | D:2      | Reached XP level 3. HP: 23/23 MP: 4/6
  1911 | D:3      | Found a sparkling altar of Nemelex Xobeh.
  2119 | D:3      | Reached XP level 4. HP: 22/28 MP: 7/7
  2204 | D:3      | Learned a level 2 spell: Sticks to Snakes
  2208 | D:3      | Learned a level 3 spell: Spider Form
  2237 | D:3      | Found a shimmering altar of Xom.
  2341 | D:3      | Reached skill level 4 in Unarmed Combat
  2418 | D:3      | Slain by an orc

Levels and vault maps discovered:
D:1:      lemuel_arrival_rhombus, layout_loops_corners
D:2:      layout_loops_ring, minitemple, corexii_corridor_pit
D:3:      layout_loops_ring, xom_teletrap_fun, lemuel_crystal_altar
D:4:      layout_gridville, portal_sewer_entry_e, uniq_ijyb

Skill      XL: |  1  2  3  4 |
---------------+-------------+-----
Transmutations | 3 |  3.6
Unarmed Combat | 4 |  4.2
Fighting       | |  1.0
Dodging        | |  2.0
Spellcasting   | |  2.0

Action                   |  1- 3 |  4- 6 || total
-------------------------+-------+-------++-------
Melee: Unarmed           |    35 |       ||    35
       Constrict         |    17 |     3 ||    20
       Tentacles         |     7 |       ||     7
       Kick              |     3 |       ||     3
       Rapier            |    21 |    12 ||    33
Throw: Dart              |    10 |       ||    10
 Cast: Beastly Appendage |     1 |       ||     1
  Use: Scroll            |     5 |     2 ||     7
 Stab: Sleeping          |     9 |       ||     9
  Eat: Chunk             |     4 |       ||     4
Armor: Skin              |     2 |       ||     2
Dodge: Dodged            |    30 |     8 ||    38

Table legend:
 A = Non-vault XP
 B = Vault XP
 C = Vault XP percentage of total XP
 D = Non-vault monster count
 E = Vault monster count
 F = Vault count percentage of total count
                 A         B        C        D         E       F
            +---------+---------+-------+---------+---------+-------
      Total |     141 |       0 |   0.0 |      37 |       0 |   0.0
            +---------+---------+-------+---------+---------+-------
        D:1 |      15 |       0 |   0.0 |       8 |       0 |   0.0
        D:2 |      26 |       0 |   0.0 |      11 |       0 |   0.0
        D:3 |      97 |       0 |   0.0 |      17 |       0 |   0.0
        D:4 |       3 |       0 |   0.0 |       1 |       0 |   0.0
            +---------+---------+-------+---------+---------+-------

Table legend:
 A = Turns spent in this place as a percentage of turns spent in the entire game.
 B = Non-inter-level travel turns spent in this place as a percentage of non-inter-level travel turns spent in the entire game.
 C = Inter-level travel turns spent in this place as a percentage of turns spent in this place.
 D = Turns resting spent in this place as a percentage of non-inter-level travel turns spent in this place.
 E = Turns spent auto-exploring this place as a percentage of non-inter-level travel turns spent in this place.
 F = Non-inter-level travel turns spent in this place divided by the number of levels of this place that you've seen.
                   A       B       C       D       E      F
               +-------+-------+-------+-------+-------+----------------------
         Total | 100.0 | 100.0 |   4.7 |  13.1 |  71.5 | 576.2
       Dungeon | 100.0 | 100.0 |   4.7 |  13.1 |  71.5 | 576.2
               +-------+-------+-------+-------+-------+----------------------

Table legend:
 A = Kills in this place as a percentage of kills in entire the game.
 B = Kills by you in this place as a percentage of kills by you in the entire game.
 C = Kills by friends in this place as a percentage of kills by friends in the entire game.
 D = Other kills in this place as a percentage of other kills in the entire game.
 E = Experience gained in this place as a percentage of experience gained in the entire game.
 F = Experience gained in this place divided by the number of levels of this place that you have seen.
                   A       B       C       D       E      F
               +-------+-------+-------+-------+-------+----------------------
         Total | 100.0 | 100.0 |   N/A |   N/A | 100.0 |  35.2
       Dungeon | 100.0 | 100.0 |   N/A |   N/A | 100.0 |  35.2
               +-------+-------+-------+-------+-------+----------------------
